AoeStats
← Michi3052

Arena

508706824Analyzed
1v1 RM · 9d ago on Sep 23, 2026· 38m 51s· 2 players
Game mode
Random Map
Map size
Tiny (2 player)
Population
200
Speed
Normal
Resources
Standard
Victory
Conquest
Starting age
Dark Age
Ending age
Imperial Age
RankedLock teamsTeams togetherTeam positionsShared explorationLock speedFull tech treeHidden civsTurbo modeCheats
Victory
Defeat
🇪🇸 Turks · Spain
745
+16
🇧🇪 Spanish · Belgium
739
-16
JustJirko
0:33 Loom
11:52 Feudal Age
12:27 Double-Bit Axe
12:33 Horse Collar
17:38 Wheelbarrow
22:23 Castle Age
20:15 Stone Mining
20:19 Gold Mining
20:48 Forging
22:14 Bloodlines
25:44 Pikeman
26:26 Husbandry
30:33 Scale Barding Armor
30:19 Fletching
30:29 Padded Archer Armor
31:28 Iron Casting
31:22 Bow Saw
31:29 Elite Skirmisher
33:11 Chain Barding Armor
32:48 Bodkin Arrow
33:20 Heavy Plow
34:19 Thumb Ring
36:40 Redemption
38:54 Leather Archer Armor
Michi3052
12:17 Feudal Age
13:11 Double-Bit Axe
19:56 Castle Age
18:19 Horse Collar
19:41 Gold Mining
22:07 Bow Saw
25:23 Imperial Age
25:16 Gold Shaft Mining
24:55 Heavy Plow
26:13 Fletching
28:26 Two-Man Saw
28:02 Padded Archer Armor
34:20 Bodkin Arrow
Connection lost

Rejoining the realm…

Still unreachable

The connection could not be restored.

Session expired

The server has moved on; the page needs a fresh start.